 Dungeon Crawl Stone Soup version 0.29.1-12-g30fa7ad0bf (webtiles) character file.

Game seed: 15498184989949354479

4 112233 the Conjurer (level 1, 16/16 HPs)
             Began as a Troll Conjurer on Dec 26, 2022.
             Was a Follower of Fedhas.
             Got out of the dungeon alive.
             The game lasted 00:00:32 (168 turns).

112233 the Conjurer (Troll Conjurer)                 Turns: 168, Time: 00:00:33

Health: 16/16      AC:  4    Str: 14    XL:     1   Next: 50%
Magic:  1/1        EV:  9    Int: 14    God:    Fedhas [*.....]
Gold:   4          SH:  0    Dex:  8    Spells: 1/2 levels left

rFire   . . .      SeeInvis .   (no weapon)
rCold   . . .      Faith    .   (no shield)
rNeg    . . .      Spirit   .   a - +0 robe
rPois   .          Reflect  .   (helmet restricted)
rElec   .          Harm     .   (no cloak)
rCorr   .          Rampage  .   (gloves unavailable)
Will    .....                   (boots unavailable)
Stlth   +.........              (no amulet)
HPRegen 0.85/turn               (no ring)
MPRegen 0.07/turn               (no ring)

@: no status effects
A: large, unfitting armour, claws 3, regeneration 1, shaggy fur 1, tough skin 1
a: Renounce Religion


You escaped.
You worshipped Fedhas.
Fedhas was aware of your devotion.
You visited 1 branch of the dungeon, and saw 1 of its levels.

You collected 4 gold pieces.

Inventory:

Armour
 a - a +0 robe (worn)
Potions
 b - a potion of magic


   Skills:
 + Level 1.7 Dodging
 - Level 1.0 Stealth
 + Level 1.3 Spellcasting
 - Level 2.9 Conjurations


You had one spell level left.
You knew the following spells:

 Your Spells              Type           Power      Damage    Failure   Level
a - Magic Dart            Conj           36%        1d4       8%          1

Your spell library contained the following spells:

 Spells                   Type           Power      Damage    Failure   Level
 Searing Ray              Conj           18%        2d5       11%         2
 Dazzling Flash           Conj/Hex       10%        N/A       38%         3
 Fulminant Prism          Conj/Hex       2%         3d6       80%         4
 Iskenderun's Mystic Bla  Conj/Tloc      5%         2d3       80%         4


Dungeon Overview and Level Annotations

Branches:
Dungeon (1/15)

Altars:
Fedhas

Annotations:
D:1 1 transporter


Innate Abilities, Weirdness & Mutations

You are too large for most types of armour.
You have claws for hands.
Your natural rate of healing is unusually fast.
You are covered in fur. (AC +1)
You have tough skin. (AC +1)


Message History

You cannot tell which god this altar belongs to.
Convert to them anyway?
Fedhas accepts your prayer! Fedhas welcomes you!
The plants of the dungeon cease their hostilities.
Unknown command.
Press < or > to pray at altars.
You enter the shallow water.
Moving in this stuff is going to be slow.
You now have 2 gold pieces (gained 1).
You enter the shallow water.
Moving in this stuff is going to be slow.
You now have 3 gold pieces (gained 1).
There is a blossoming altar of Fedhas here.
You enter the shallow water.
Moving in this stuff is going to be slow.
You now have 4 gold pieces (gained 1).
A hobgoblin comes into view.
The hobgoblin shouts!
The hobgoblin moves out of view.
Unknown command.
A hobgoblin is nearby!
A hobgoblin is nearby!
The hobgoblin hits you.
You barely miss the hobgoblin. The hobgoblin barely misses you.
You scratch the hobgoblin.
The hobgoblin is almost dead.
The hobgoblin barely misses you. The hobgoblin barely misses you.
The hobgoblin attacks as you move away! The hobgoblin hits you.
The hobgoblin attacks as you move away! The hobgoblin barely misses you.
You scratch the hobgoblin.
You kill the hobgoblin!
Fedhas appreciates your contribution to the ecosystem.
There is a staircase leading out of the dungeon here.
Are you sure you want to leave the Dungeon?
This will make you lose the game! [Y]es or [N]o only, please.
Are you sure you want to leave the Dungeon?
This will make you lose the game! [Y]es or [N]o only, please.
Are you sure you want to leave the Dungeon?
This will make you lose the game!
You have escaped!

#####..#####.......# ..
#......# #.......# ..[
#....#.## #.......# ...
#....#..###.......#
..##....##...........#
#######...##........#
##########..#####.#######
#...©##©#.#.# #..#
#....###@#..# ##.##
#....##.#.### #..#
#....#.#.## #####.#####
#...####.# #.........#
###..###.#### #.....###..
##........###.....#
##.............†.#
######.###.~~~......#
#..........~_~......#


There were no monsters in sight!

Vanquished Creatures
  A bat (D:1)
  A hobgoblin (D:1)
  A kobold (D:1)
  A rat (D:1)
4 creatures vanquished.

Notes
Turn   | Place    | Note
-------+----------+-------------------------------------------
     0 | D:1      | 112233 the Troll Conjurer began the quest for the Orb.
     0 | D:1      | Reached XP level 1. HP: 16/16 MP: 1/1
    42 | D:1      | Found a faded altar of an unknown god.
   110 | D:1      | Prayed at the altar of an unknown god.
   110 | D:1      | Became a worshipper of Fedhas Madash
   110 | D:1      | Reached * piety under Fedhas
   168 | D:$      | Got out of the dungeon alive.

Illustrated notes

Levels and vault maps discovered:
D:1:      spicycebolla_arrival_risky_transporter, layout_basic,
          hellmonk_ecumenical_altar_pennies_from_heaven,
          minmay_misc_feat_encased

Action                   || total
-------------------------++-------
Melee: Unarmed           ||    26
 Cast: Magic Dart        ||     2
Armor: Robe              ||    31
Dodge: Dodged            ||    33
